 Dungeon Crawl Stone Soup version 0.29.1-15-g9cfb28693d (webtiles) character file.

Game seed: 8716396760098536178

17 domi the Digger (level 3, -2/26 HPs)
             Began as a Meteoran Earth Elementalist on Apr 1, 2023.
             Was a Follower of Cheibriados.
             Slain by Grinder (7 damage)
             ... while paralysed by Grinder
             ... on level 3 of the Dungeon.
             The game lasted 00:02:12 (197 turns).

domi the Digger (Meteoran Earth Elementalist)        Turns: 197, Time: 00:02:12

Health: -2/26      AC:  2    Str: 13    XL:     3   Next: 2%
Magic:  4/8        EV:  2    Int: 21    God:    Cheibriados [*.....]
Gold:   50         SH:  0    Dex: 17    Spells: 1/7 levels left

rFire   . . .      SeeInvis .   (no weapon)
rCold   . . .      Faith    .   (no shield)
rNeg    . . .      Spirit   .   a - +0 robe
rPois   .          Reflect  .   (no helmet)
rElec   .          Harm     .   (no cloak)
rCorr   .          Rampage  .   (no gloves)
Will    .....                   (no boots)
Stlth   +.........              (no amulet)
HPRegen 0.08/turn               (no ring)
MPRegen 0.11/turn               (no ring)

@: paralysed, glowing, very slow
A: sense surroundings 1, otherworldly, glowing, explore regen
a: Renounce Religion, Bend Time


You were on level 3 of the Dungeon.
You worshipped Cheibriados.
Cheibriados was aware of your devotion.
You visited 1 branch of the dungeon, and saw 3 of its levels.

You collected 50 gold pieces.

Inventory:

Armour
 a - a +0 robe (worn)
Scrolls
 c - a scroll of amnesia {unknown}
 e - a scroll of teleportation {unknown}
Potions
 b - a potion of magic
 d - a potion of curing {unknown}


   Skills:
 - Level 2.4 Dodging
 - Level 1.4 Stealth
 - Level 2.6 Spellcasting
 + Level 0.0 Conjurations
 - Level 1.2 Transmutations
 + Level 4.7 Earth Magic


You had one spell level left.
You knew the following spells:

 Your Spells              Type           Power      Damage    Failure   Level
x - Stone Arrow           Conj/Erth      24%        3d8       16%         3
z - Sandblast             Erth           44%        2d11      1%          1
N - Passwall              Tmut/Erth      12%        N/A       6%          2

Your spell library contained the following spells:

 Spells                   Type           Power      Damage    Failure   Level
 Petrify                  Tmut/Erth      15%        N/A       38%         4


Dungeon Overview and Level Annotations

Branches:
Dungeon (3/15) Zot: 2410

Altars:
Cheibriados
Elyvilon

Annotations:
D:3 Grinder


Innate Abilities, Weirdness & Mutations

You passively map a small area around you.
You are easily found by Zot.
You glow in the dark.
You regain HP and MP as you explore.


Message History

You kill the hobgoblin!
You see here a fizzy dark potion.
d - a fizzy dark potion
Found a stone staircase leading down.
You see here 6 gold pieces.
You now have 32 gold pieces (gained 6).
There is a stone staircase leading down here.
Found a faded altar of an unknown god.
There is a faded altar of an unknown god here.
You cannot tell which god this altar belongs to.
Convert to them anyway? [Y]es or [N]o only, please.
You cannot tell which god this altar belongs to.
Convert to them anyway?
Cheibriados accepts your prayer! Cheibriados welcomes you!
Cheibriados begins to support your attributes as your movement slows.
Cheibriados is now slowing the effects of poison on you.
You can now bend time to slow others.
Cheibriados raises the support of your attributes as your movement slows.
An endoplasm comes into view.
The endoplasm quivers.
The endoplasm moves out of view.
Aim: an endoplasm (98% to hit)
The blast of sand hits the endoplasm!
You kill the endoplasm!
Cheibriados thoroughly appreciates the change of pace.
Found 3 stones.
Found a white marble altar of Elyvilon.
A kobold comes into view. It is wielding a +0 club.
An endoplasm comes into view.
The kobold throws a stone.
The stone closely misses you.
Found a stone staircase leading up.
Aim: a kobold, wielding a +0 club and quivering stones (77% to hit)
The blast of sand hits the kobold!
You kill the kobold!
Cheibriados appreciates the change of pace.
Aim: an endoplasm (98% to hit)
The blast of sand hits the endoplasm.
You kill the endoplasm!
Cheibriados appreciates the change of pace.
You see here 18 gold pieces.
You now have 50 gold pieces (gained 18).
There is a stone staircase leading up here.
A frilled lizard comes into view.
The frilled lizard hisses angrily.
Aim: a frilled lizard (70% to hit)
The blast of sand hits the frilled lizard!
You kill the frilled lizard!
Cheibriados appreciates the change of pace.
You see here a +0 whip.
There is a stone staircase leading down here.
You climb downwards.
There is a stone staircase leading up here.
Aim: a ball python (asleep, 100% to hit)
The blast of sand hits the ball python!
You kill the ball python!
Cheibriados appreciates the change of pace.
Cheibriados raises the support of your attributes as your movement slows.
You have reached level 3!
Your experience leads to an increase in your attributes!
Your base attributes are Str 9, Int 16, Dex 14.
Increase (s)trength, (i)ntelligence, or (d)exterity?
You feel clever. x2; You feel stronger.
This spell is quite dangerous to cast!
Memorise Stone Arrow, consuming 3 spell levels and leaving 3?
You start memorising the spell.
You continue memorising. x3
You finish memorising.
Spell assigned to 'x'.
Memorise Passwall, consuming 2 spell levels and leaving 1?
You start memorising the spell.
You continue memorising. x2
You finish memorising.
Spell assigned to 'N'.
Okay, then.
Found a stone staircase leading up.
Found an escape hatch in the ceiling.
Found an escape hatch in the floor.
Grinder comes into view.
Grinder shouts!
You hear an angry hiss.
A bat comes into view.
Grinder blinks!
Grinder moves out of view.
You see here a scroll labelled IPRIWEIL CYNN.
e - a scroll labelled IPRIWEIL CYNN The bat hits you but does no damage.
Aim: a bat (74% to hit)
The blast of sand misses the bat.
The bat hits you but does no damage. x2
The bat barely misses you.
Grinder blinks!
Aim: a bat (74% to hit)
The blast of sand misses the bat.
The bat barely misses you.
Aim: a bat (74% to hit)
The blast of sand misses the bat.
The bat closely misses you. The bat hits you. Grinder gestures at you.
Pain shoots through your body!
Aim: a bat (74% to hit)
The blast of sand hits the bat.
You kill the bat!
Cheibriados thoroughly appreciates the change of pace.
Aim: Grinder (81% to hit)
The blast of sand hits Grinder!
Grinder gestures at you.
You suddenly lose the ability to move!
Grinder hits you!
You writhe in agony.
* * * LOW HITPOINT WARNING * * *
Grinder hits you!
You die...

* #.<.# * #...# *
#####...#####
#...........# * #,
#.<.......<.#
*#.####
#..(........#
......######.#.#####
*
....................
.##..5@.⌠.#.8.#.⌠..
^ #................
#.#######.#.##### #
...... * * *, ,
,......> ......).*
** ##...#### * * , *
, * > ** ,


You could see Grinder.

Vanquished Creatures
  2 ball pythons
  3 endoplasms (D:2)
  2 hobgoblins (D:2)
  3 quokkas (D:2)
  2 bats
  A frilled lizard (D:2)
  A kobold (D:2)
  A rat (D:2)
15 creatures vanquished.

Notes
Turn   | Place    | Note
-------+----------+-------------------------------------------
     0 | D:1      | domi the Meteoran Earth Elementalist began the quest for
                  | the Orb.
     0 | D:1      | Reached XP level 1. HP: 14/14 MP: 5/5
    23 | D:2      | Reached skill level 4 in Earth Magic
    24 | D:2      | HP: 3/14 [quokka (4)]
    26 | D:2      | Reached XP level 2. HP: 4/20 MP: 0/6
    79 | D:2      | Found a faded altar of an unknown god.
    85 | D:2      | Prayed at the altar of an unknown god.
    85 | D:2      | Became a worshipper of Cheibriados the Contemplative
    85 | D:2      | Reached * piety under Cheibriados
   118 | D:2      | Found a white marble altar of Elyvilon.
   169 | D:3      | Reached XP level 3. HP: 26/26 MP: 6/8
   173 | D:3      | Learned a level 3 spell: Stone Arrow
   176 | D:3      | Learned a level 2 spell: Passwall
   186 | D:3      | Noticed Grinder
   193 | D:3      | Paralysed by Grinder for 5 turns
   196 | D:3      | HP: 5/26 [Grinder (3)]
   197 | D:3      | Slain by Grinder

Illustrated notes

Levels and vault maps discovered:
D:1:      minmay_arrival_checkered_box, layout_rooms
D:2:      layout_rooms, basic_altar, shapermc_ecumenical_altar_venn
D:3:      layout_loops_ring, nrook_uturn, columned_hall_lemuel,
          nicolae_elevator_lobby_plus, uniq_grinder

Skill      XL: |  1 |
---------------+----+-----
Earth Magic    | 4 |  4.7
Dodging        | |  2.4
Stealth        | |  1.4
Spellcasting   | |  2.6
Transmutations | |  1.2

Action                   || total
-------------------------++-------
Melee: Unarmed           ||     4
 Cast: Sandblast         ||    24
Armor: Robe              ||     7
Dodge: Dodged            ||     8

Table legend: (Time is in decaauts)
 A = Elapsed time spent in this place.
 B = Non-inter-level travel time spent in this place.
 C = Inter-level travel time spent in this place.
 D = Time resting spent in this place.
 E = Time spent auto-exploring this place.
 F = Levels seen in this place.
 G = Mean time per level.
                   A        B        C        D        E       F      G
               +--------+--------+--------+--------+--------+-----+--------+
         Total |    242 |    229 |     13 |      0 |      0 |   3 |   80.7 |
       Dungeon |    242 |    229 |     13 |      0 |      0 |   3 |   80.7 |
               +--------+--------+--------+--------+--------+-----+--------+

Top non-repeatable levels by time:
     D:2: 187 daAuts
     D:3: 37 daAuts
     D:1: 17 daAuts

Table legend:
 A = Kills in this place as a percentage of kills in entire the game.
 B = Kills by you in this place as a percentage of kills by you in the entire game.
 C = Kills by friends in this place as a percentage of kills by friends in the entire game.
 D = Other kills in this place as a percentage of other kills in the entire game.
 E = Experience gained in this place as a percentage of experience gained in the entire game.
 F = Experience gained in this place divided by the number of levels of this place that you have seen.
                   A       B       C       D       E      F
               +-------+-------+-------+-------+-------+----------------------
         Total | 100.0 | 100.0 |   N/A |   N/A | 100.0 |   8.3
       Dungeon | 100.0 | 100.0 |   N/A |   N/A | 100.0 |   8.3
               +-------+-------+-------+-------+-------+----------------------
